 Dungeon Crawl Stone Soup version 0.32-a0-732-ga344392067 (webtiles) character file.

Game seed: 4532174629599357179

2110580 TheMeInTeam the Slayer (level 27, 260/260 HPs)
             Began as a Coglin Delver on Mar 12, 2024.
             Was the Champion of Okawaru.
             Escaped with the Orb
             ... and 4 runes on Mar 17, 2024!
             The game lasted 03:09:13 (83507 turns).

TheMeInTeam the Slayer (Coglin Delver)             Turns: 83507, Time: 03:09:14

Health: 260/260    AC: 30    Str: 13    XL:     27
Magic:  32/32      EV: 33    Int: 15    God:    Okawaru [******]
Gold:   4666       SH:  0    Dex: 29    Spells: 25/26 levels left

rFire   + + .        I - +9 double sword (protect) {Wei}
rCold   + . .        O - +5 demon blade (drain) {Chang}
rNeg    + + +        D - +6 acid dragon scales
rPois   ∞            Y - +2 helmet {SInv}
rElec   +            d - +1 cloak of the Poles {Will+ Int+3 SInv}
rCorr   +            v - +2 pair of gloves {infuse}
SInv    +            F - +2 pair of boots {rampage}
Will    ++++.        (amulet unavailable)
Stlth   +            (ring unavailable)
HPRegen 1.43/turn    (ring unavailable)
MPRegen 0.63/turn    y
                       - N-80 supersamoflange {rElec rF+ Regen+ RegenMP+}

%: rampage, infuse magic (1 MP)
@: death-form, studying 5 skills
A: vile attack, torment immunity, no potions, off-hand wielding, slow wielding,
warmup strikes, no jewellery, agile 1, fire resistance 1, robust 1
0: Orb of Zot
}: 4/15 runes: serpentine, barnacled, slimy, silver
a: Siphon Essence, Begin Untransformation, Renounce Religion, Heroism, Finesse,
Duel


You escaped.
You worshipped Okawaru.
Okawaru was exalted by your worship.
You were an undying horror.
You visited 12 branches of the dungeon, and saw 56 of its levels.
You also visited: Wizlab.

You collected 10212 gold pieces.
You spent 5546 gold pieces at shops.

Inventory:

Hand Weapons
 I - a +9 double sword of protection (weapon) {Wei}
 O - a +5 demon blade of draining (offhand) {Chang}
Missiles
 h - 16 throwing nets
Armour
 d - the +1 cloak of the Poles (worn) {Will+ Int+3 SInv}
   (You bought it in a shop on level 2 of the Orcish Mines)

   Int+3:     It affects your intelligence (+3).
   Will+:     It increases your willpower.
   SInv:      It lets you see invisible.
 l - the +3 ring mail of the Trombone {+Blink rF+ Int+2}
   (You found it on level 5 of the Lair of Beasts)

   Int+2:     It affects your intelligence (+2).
   rF+:       It protects you from fire.
   +Blink:    It lets you blink.
 m - an orb of guile
 v - a +2 pair of gloves of infusion (worn)
 B - a +2 ring mail of cold resistance
 D - +6 acid dragon scales (worn)
 F - a +2 pair of boots of rampaging (worn)
 H - a +0 robe of willpower
 P - the +1 cloak of Starlight {*Dazzle EV+4 Stlth--}
   (You found it in a wizard's laboratory)

   *Dazzle:   It may blind those who miss an attack against the wearer in melee
   combat.
   EV+4:      It affects your evasion (+4).
   Stlth--:   It makes you much less stealthy.
 Q - a +4 ring mail of poison resistance
 Y - a +2 helmet of see invisible (worn)
Magical Staves
 b - a staff of fire {Tae}
Gizmo
 y - a N-80 supersamoflange (installed) {rElec rF+ Regen+ RegenMP+}
   (You invented it yourself on level 4 of the Lair of Beasts)

   [N-80 supersamoflange]

   rF+:       It protects you from fire.
   rElec:     It insulates you from electricity.
   Regen+:    It increases your rate of health regeneration.
   RegenMP+:  It increases your rate of magic regeneration.
Talismans
 u - a granite talisman
 Z - a talisman of death (active)
Wands
 g - a wand of digging (12)
 p - a wand of polymorph (17)
 C - a wand of roots (20)
 G - a wand of light (10)
 R - a wand of mindburst (40)
Scrolls
 c - 9 scrolls of fog
 k - 5 scrolls of revelation
 n - 7 scrolls of amnesia
 o - 14 scrolls of teleportation
 q - 6 scrolls of enchant armour
 w - 36 scrolls of identify
 J - 2 scrolls of silence
 K - 4 scrolls of vulnerability
 L - 5 scrolls of blinking
 U - 6 scrolls of poison
 V - 8 scrolls of immolation
 X - 9 scrolls of fear
Potions
 a - 6 potions of magic
 e - 6 potions of brilliance
 f - 21 potions of curing
 i - 5 potions of berserk rage
 j - 6 potions of ambrosia
 r - a potion of heal wounds
 s - 9 potions of might
 x - a potion of cancellation
 z - 6 potions of enlightenment
 A - 7 potions of mutation
 M - 6 potions of haste
 N - 6 potions of lignification
 T - 3 potions of invisibility
 W - a potion of resistance
Miscellaneous
 t - a tin of tremorstones (2/2)
 E - a phial of floods
 S - a lightning rod (4/4)


   Skills:
 + Level 23.7 Fighting
 - Level 16.0 Long Blades
 - Level 8.0 Maces & Flails
 - Level 17.0 Armour
 - Level 22.0 Dodging
 - Level 4.1 Stealth
 - Level 12.0 Invocations
 - Level 20.0 Evocations
 - Level 23.0 Shapeshifting


You had 25 spell levels left.
You knew the following spells:

 Your Spells              Type           Power      Damage    Failure   Level
z - Apportation           Tloc           0%         N/A       34%         1

Your spell library contained the following spells:

 Spells                   Type           Power      Damage    Failure   Level
 Foxfire                  Conj/Fire      0%         2x1d4     34%         1
 Freeze                   Ice            0%         1d3       34%         1
 Kiss of Death            Conj/Necr      0%         2d5       34%         1
 Magic Dart               Conj           0%         1d3       34%         1
 Necrotise                Necr           0%         1d4       34%         1
 Sandblast                Erth           0%         2d4       34%         1
 Shock                    Conj/Air       0%         1d3       34%         1
 Slow                     Hex            0%         N/A       34%         1
 Sting                    Conj/Alch      0%         1d3       34%         1
 Blink                    Tloc           0%         N/A       45%         2
 Cigotuvi's Dreadful Rot  Necr/Alch/Air  0%         N/A       45%         2
 Ensorcelled Hibernation  Hex/Ice        0%         N/A       45%         2
 Jinxbite                 Hex            0%         N/A       45%         2
 Lesser Beckoning         Tloc           0%         N/A       45%         2
 Mercury Vapours          Alch/Air       0%         N/A       45%         2
 Momentum Strike          Conj/Tloc      0%         3d8       45%         2
 Searing Ray              Conj           0%         2d4       45%         2
 Sublimation of Blood     Necr           0%         N/A       45%         2
 Confusing Touch          Hex            0%         N/A       71%         3
 Dazzling Flash           Conj/Hex       0%         N/A       71%         3
 Frozen Ramparts          Ice            0%         1d1       71%         3
 Hailstorm                Conj/Ice       0%         3d5       71%         3
 Mephitic Cloud           Conj/Alch/Air  0%         N/A       71%         3
 Passwall                 Erth           0%         N/A       71%         3
 Stone Arrow              Conj/Erth      0%         3d7       71%         3
 Swiftness                Air            0%         N/A       71%         3
 Vampiric Draining        Necr           0%         2d6       71%         3
 Volatile Blastmotes      Fire/Tloc      0%         2d10      71%         3
 Airstrike                Air            0%         2d(0-16)  98%         4
 Brom's Barrelling Bould  Conj/Erth      0%         2d3       98%         4
 Dimensional Bullseye     Hex/Tloc       0%         N/A       98%         4
 Dispel Undead            Necr           0%         3d6       98%         4
 Fulminant Prism          Conj/Alch      0%         3d5       98%         4
 Ignite Poison            Fire/Alch      0%         N/A       98%         4
 Iskenderun's Mystic Bla  Conj/Tloc      0%         2d3       98%         4
 Manifold Assault         Tloc           0%         N/A       98%         4
 Olgreb's Toxic Radiance  Alch           0%         N/A       98%         4
 Passage of Golubria      Tloc           0%         N/A       98%         4
 Petrify                  Alch/Erth      0%         N/A       98%         4
 Sticky Flame             Fire/Alch      0%         2d4       98%         4
 Vhi's Electric Charge    Tloc/Air       0%         N/A       98%         4
 Alistair's Intoxication  Alch           0%         N/A       100%        5
 Arcjolt                  Conj/Air       0%         1d10      100%        5
 Borgnjor's Vile Clutch   Necr/Erth      0%         N/A       100%        5
 Curse of Agony           Necr           0%         N/A       100%        5
 Irradiate                Conj/Alch      0%         3d11      100%        5
 Iskenderun's Battlesphe  Conj           0%         2d6       100%        5
 Lee's Rapid Deconstruct  Erth           0%         3d4*      100%        5
 Metabolic Englaciation   Hex/Ice        0%         N/A       100%        5
 Silence                  Hex/Air        0%         N/A       100%        5
 Yara's Violent Unravell  Hex/Alch       0%         3d3       100%        5
 Bombard                  Conj/Erth      0%         9d1       100%        6
 Conjure Ball Lightning   Conj/Air       0%         3x3d6     100%        6
 Dispersal                Tloc           0%         N/A       100%        6
 Eringya's Noxious Bog    Alch           0%         4d6       100%        6
 Permafrost Eruption      Ice/Erth       0%         2x4d2     100%        6
 Plasma Beam              Fire/Air       0%         2x1d10    100%        6
 Starburst                Conj/Fire      0%         6d3       100%        6
 Enfeeble                 Hex            0%         N/A       100%        7
 Orb of Destruction       Conj           0%         9d5       100%        7
 Borgnjor's Revivificati  Necr           0%         N/A       100%        8
 Discord                  Hex            0%         N/A       100%        8
 Disjunction              Tloc           0%         N/A       100%        8
 Ignition                 Fire           0%         3d3       100%        8
 Lehudib's Crystal Spear  Conj/Erth      0%         10d2      100%        8
 Maxwell's Capacitive Co  Air            0%         ∞         100%        8
 Death's Door             Necr           0%         N/A       100%        9
 Polar Vortex             Ice            0%         N/A       100%        9
 Summon Small Mammal      Summ           Unusable   N/A       N/A         1
 Call Canine Familiar     Summ           Unusable   N/A       N/A         3
 Summon Ice Beast         Ice/Summ       Unusable   N/A       N/A         3
 Tukima's Dance           Hex            Unusable   N/A       N/A         3
 Animate Armour           Summ/Erth      Unusable   N/A       N/A         4
 Martyr's Knell           Necr/Summ      Unusable   N/A       N/A         4
 Summon Blazeheart Golem  Fire/Summ      Unusable   N/A       N/A         4
 Summon Lightning Spire   Summ/Air       Unusable   N/A       N/A         4
 Sculpt Simulacrum        Ice/Alch       Unusable   N/A       N/A         6
 Haunt                    Necr/Summ      Unusable   N/A       N/A         7
 Spellforged Servitor     Conj/Summ      Unusable   N/A       N/A         7

Dungeon Overview and Level Annotations

Branches:
Dungeon (15/15)            Temple (1/1) D:6            Lair (5/5) D:9
 Shoals (4/4) Lair:3        Snake (4/4) Lair:3        Slime (5/5) Lair:4
    Orc (2/2) D:10            Elf (3/3) Orc:2        Vaults (5/5) D:13
  Crypt (3/3) Vaults:2       Tomb (0/3) Crypt:3      Depths (4/4) D:15
    Zot (5/5) Depths:4     WizLab (visited)

Altars:
Ashenzari
Cheibriados
Dithmenos
Elyvilon
Fedhas
Gozag
Hepliaklqana
Kikubaaqudgha
Makhleb
Nemelex Xobeh
Okawaru
Qazlal
Ru
Sif Muna
Trog
Uskayaw
Vehumet
Wu Jian
Xom
Yredelemnul
Zin
The Shining One
Lugonu

Shops:
D:9 [   D:15 =**   Orc:2 :::[?   Elf:1 =:=   Elf:3 (   Shoals:3 =   Snake:1 !
Snake:2 (*   Vaults:2 !   Vaults:3 ?   Vaults:5 (   Depths:4 [=[[

Portals:
Hell: Depths:1 Depths:2 Depths:3 Depths:4
Abyss: Depths:1 Depths:3
Pandemonium: Depths:2 Depths:4
Ziggurat: Depths:4

Annotations:
Zot:2 2 runed translucent doors, exclusion: 2 doors, Hoptod's ghost, master DsFi
Zot:5 3 runed translucent doors, Sackuas's ghost, veteran OnBe; Uxisash's ghost, veteran DrIE; zewo's ghost, veteran DrRe


Innate Abilities, Weirdness & Mutations

You are an undying horror.
Your melee and unarmed attacks drain, slow and weaken victims.
You are immune to unholy pain and torment.
You cannot drink.
You are immune to poison.
You can wield a second weapon in your off-hand.
It takes a long time for you to wield or remove held weapons.
Your first few attacks do less damage.
You cannot equip rings or amulets.
You are agile. (Dex +4, Str/Int -1)
Your flesh is heat resistant. (rF+)
You are robust. (+10% HP)


Message History

The smoke demon completely misses you. x3
You hit the smoke demon with your +5 demon blade of draining.
The smoke demon decays.
The smoke demon is moderately wounded.
You slice the smoke demon with your +9 double sword of protection!!
The smoke demon decays.
You closely miss the smoke demon with your +5 demon blade of draining.
The smoke demon is almost dead.
You hit the smoke demon with your +9 double sword of protection.
The smoke demon decays.
The smoke demon gestures at you. The pyre arrow hits you.
You are covered in intense liquid fire!
You hit the smoke demon with your +9 double sword of protection.
You kill the smoke demon!
Okawaru accepts your kill. The liquid fire burns you!
You shake off some of the fire as you move.
The liquid fire burns you!
You shake off some of the fire as you move.
The liquid fire burns you!
There is a stone staircase leading up here.
The liquid fire burns you!
You shake off the liquid fire.
You climb upwards.
There is a stone staircase leading down here.
Magic restored.
HP restored.
There is an escape hatch in the ceiling, spattered with blood here.
Things that are here:
a +0 flail; an orc skeleton A mysterious force pulls you upwards.
The hatch slams shut behind you.
Things that are here:
4 large rocks; a cyclops skeleton
There is a stone staircase leading up here.
You climb upwards.
There is a stone staircase leading down here.
A soul eater comes into view.
You can't go up here!
There is a stone staircase leading up here.
You climb upwards.
There is a stone staircase leading down here.
A blizzard demon comes into view.
The blizzard demon moves out of view.
There is an open door here.
Aiming: Dig
Press: ? - help, Shift-Dir - straight line A rock wall.
This square is covered in magical glow.
The rock shatters into small pieces.
A golden eye comes into view.
There is a stone staircase leading up, spattered with blood here.
The golden eye turns its gaze towards you.
The golden eye blinks at you. You resist with almost no effort.
You climb upwards.
There is a stone staircase leading down here.
There is an open door here.
There is an open door here.
There is a stone staircase leading up here.
You climb upwards.
There is a stone staircase leading down here.
You see here a steam dragon skeleton.
There is an open door here.
There is an escape hatch in the ceiling here.
A mysterious force pulls you upwards. The hatch slams shut behind you.
There is a stone staircase leading up here.
You climb upwards.
There is a stone staircase leading down here.
There is a stone staircase leading up here.
You climb upwards.
There is a stone staircase leading down here.
You see here a +0 battleaxe.
There is a stone staircase leading up here.
You climb upwards.
There is a stone staircase leading down here.
You see here a ball python skeleton. 4 golden eyes come into view.
You see here a flux talisman.
You can't go up here!
You slice the golden eye with your +9 double sword of protection!!
Your weapon exudes an aura of protection.
You kill the golden eye!
Okawaru accepts your kill.
You rampage towards the golden eye!
You closely miss the golden eye with your +5 demon blade of draining.
You closely miss the golden eye with your +9 double sword of protection.
You barely miss the golden eye with your +9 double sword of protection.
You open the golden eye like a pillowcase with your +5 demon blade of draining!!!
You kill the golden eye!
Okawaru accepts your kill.
You see here a flux talisman.
You barely miss the golden eye with your +5 demon blade of draining.
You slice the golden eye with your +9 double sword of protection!!
You kill the golden eye!
Okawaru accepts your kill. The golden eye blinks at you.
You resist with almost no effort.
You slash the golden eye with your +9 double sword of protection!
You kill the golden eye!
Okawaru accepts your kill.
No target in view!
No target in view!
Magic restored.
An Ice Fiend comes into view.
You can't go up here!
You barely miss the Ice Fiend with your +5 demon blade of draining.
You closely miss the Ice Fiend with your +9 double sword of protection.
You slice the Ice Fiend with your +9 double sword of protection!!
The Ice Fiend decays.
Your weapon exudes an aura of protection.
The Ice Fiend is moderately wounded.
You hit the Ice Fiend with your +5 demon blade of draining.
The Ice Fiend decays.
You slash the Ice Fiend with your +5 demon blade of draining!
The Ice Fiend decays.
The Ice Fiend is heavily wounded.
You barely miss the Ice Fiend with your +9 double sword of protection.
You slash the Ice Fiend with your +9 double sword of protection!
The Ice Fiend decays.
The Ice Fiend is severely wounded.
You slice the Ice Fiend with your +5 demon blade of draining!!
The Ice Fiend decays.
The Ice Fiend misses you.
The Ice Fiend claws you but does no damage.
You slash the Ice Fiend with your +9 double sword of protection!
The Ice Fiend decays.
The Ice Fiend is almost dead.
You slice the Ice Fiend like a ripe choko with your +5 demon blade of draining!!!
You kill the Ice Fiend!
Okawaru accepts your kill. Okawaru grants you throwing weapons!
Something appears at your feet!
There is a stone staircase leading up here.
You climb upwards.
There is a stone staircase leading down here.
Magic restored.
A profane servitor comes into view. It is wielding a +1 whip of venom.
You rampage towards the profane servitor!
You completely miss the profane servitor with your +5 demon blade of draining.
You slice the profane servitor with your +9 double sword of protection!!
The profane servitor decays.
Your weapon exudes an aura of protection.
You miss the profane servitor with your +5 demon blade of draining.
The profane servitor is lightly damaged.
You hit the profane servitor with your +9 double sword of protection.
The profane servitor decays.
The profane servitor hits you with a +1 whip of venom.
The profane servitor barely misses you.
You hit the profane servitor with your +5 demon blade of draining.
The profane servitor decays.
The profane servitor is lightly damaged.
You slice the profane servitor with your +9 double sword of protection!!
The profane servitor decays.
You barely miss the profane servitor with your +9 double sword of protection.
The profane servitor is moderately damaged.
You closely miss the profane servitor with your +5 demon blade of draining.
The profane servitor hits you but does no damage.
The profane servitor misses you.
You slice the profane servitor with your +5 demon blade of draining!!
The profane servitor decays.
The profane servitor is heavily damaged.
You slice the profane servitor with your +9 double sword of protection!!
The profane servitor decays.
The profane servitor completely misses you.
The profane servitor misses you.
You barely miss the profane servitor with your +9 double sword of protection.
The profane servitor is severely damaged.
You slash the profane servitor with your +5 demon blade of draining!
The profane servitor decays.
You slash the profane servitor with your +9 double sword of protection!
The profane servitor decays.
The profane servitor is almost destroyed.
You completely miss the profane servitor with your +5 demon blade of draining.
The profane servitor hits you but does no damage.
The profane servitor misses you.
You slice the profane servitor with your +5 demon blade of draining!!
You destroy the profane servitor!
Okawaru accepts your kill.
Things that are here:
2 stones; a +0 dagger
There is an escape hatch in the ceiling here.
A mysterious force pulls you upwards. The hatch slams shut behind you.
You open the door.
There is an open door here.
A red devil comes into view. It is wielding a +0 trident.
You rampage towards the red devil!
The red devil completely misses you.
You cut the red devil into ribbons with your +5 demon blade of draining!!!
You kill the red devil!
Okawaru accepts your kill.
No target in view!
Magic restored.
A Tzitzimitl comes into view.
The Tzitzimitl roars!
Aiming: Dig
Press: ? - help, Shift-Dir - straight line A rock wall.
This square is covered in magical glow.
The rock shatters into small pieces.
There is a staircase leading out of the dungeon here.
You have escaped!

#.# #.####.# ### #.# #.# #.#
##.###.## #.# #.#
#.###...#...## #.#
#.###.#..........######.#
#......########......>..#
#####.........#.#########
#....##.##### ##...##.#...#
#......#.z.# #......#...#
#........###
########1....####
........###### #####
######.## #.# ##...## #
####.# #.#########.....# #
#....# ##...............#
###.##.####...########.....#


There were no monsters in sight!

Vanquished Creatures
  A dread lich (Zot:5)
  4 orbs of fire
  10 ancient liches
  Mennas (Depths:2)
  Khufu (Crypt:3)
  A juggernaut (Depths:3)
  Vv (Arena)
  2 royal mummies (Crypt:3)
  3 Killer Klowns
  3 curse toes (Zot:4)
  A caustic shrike (Depths:3)
  8 golden dragons
  A profane servitor (D:2)
  Nikola (Shoals:1)
  3 electric golems (Zot:5)
  An Ice Fiend (D:3)
  25 Orb Guardians (Zot:5)
  3 liches
  Zenata (Vaults:2)
  21 tentacled monstrosities
  9 quicksilver dragons
  6 titans (Vaults:5)
  2 deep elf blademasters (Elf:3)
  Rupert (Snake:1)
  A walking earthen tome (Depths:3)
  16 acid blobs
  A deep elf master archer (Elf:3)
  Frances (Snake:1)
  3 sphinxes
  A kraken (Shoals:3)
  3 tentacled starspawn (WizLab)
  13 shadow dragons
  4 death cobs
  Gastronok (Lair:2)
  Aizul (Snake:1)
  Donald (Vaults:2)
  6 revenants
  16 storm dragons
  7 tengu reavers
  9 protean progenitors
  3 nagarajas (Snake:4)
  The ghost of Sugi the Slayer, a journeyman MiFi of Xom (Lair:4)
  6 draconian monks
  5 draconian knights
  9 rockslimes
  Roxanne (Elf:2)
  3 daevas (Depths:2)
  17 azure jellies
  6 fire giants
  A balrug (WizLab)
  7 deep elf sorcerers (Elf:3)
  9 draconian scorchers
  10 ghost moths
  2 spectral juggernauts (Crypt:3)
  12 frost giants
  3 draconian stormcallers
  19 vault wardens
  3 ghouls (Crypt:3)
  4 draconian shifters
  5 reapers
  2 deep elf elementalists (Elf:3)
  25 ironbound preservers
  3 angels (Depths:2)
  14 draconian annihilators
  15 stone giants
  2 orc warlords (Vaults:2)
  10 quicksilver oozes
  A formless jellyfish (Vaults:4)
  2 spriggan defenders (Depths:2)
  10 green draconians
  The ghost of Ycup the Severer, a journeyman MiBe of Trog (Shoals:2)
  5 ironbound thunderhulks
  27 very ugly things
  8 black draconians
  A juggernaut skeleton (Crypt:2)
  A demonspawn black sun (Zot:4)
  6 vampire knights
  9 deep elf death magi
  10 white draconians
  9 yellow draconians
  4 deep elf demonologists
  3 war gargoyles
  10 eidola
  12 purple draconians
  2 spark wasps
  A spectral titan (Crypt:3)
  4 bunyips
  16 red draconians
  5 deep elf annihilators
  2 dire elephants
  A blizzard demon (Depths:4)
  4 spectral quicksilver dragons (Crypt:3)
  10 jiangshi
  A fire dragon (shapeshifter) (WizLab)
  A spectral spriggan (Crypt:3)
  14 ettins
  3 fire dragons
  5 merfolk impalers
  11 yaktaur captains
  5 deep elf high priests
  3 entropy weavers
  8 ice dragons
  A spectral fenstrider witch (Crypt:3)
  A spriggan zombie (Crypt:2)
  Fannar (Lair:2)
  8 hydras
  2 peacekeepers (Vaults:4)
  Harold (D:11)
  3 salamander tyrants (Snake:4)
  2 catoblepae
  A fenstrider witch zombie (Crypt:2)
  7 great orbs of eyes
  34 vault guards
  13 anacondas
  4 rakshasas
  7 boulder beetles
  Erolcha (D:9)
  2 radroaches (Zot:4)
  10 ogre magi
  6 ironbound frosthearts
  7 merfolk avatars
  2 spriggan air magi
  8 centaur warriors
  5 satyrs
  28 dancing weapons
  5 merfolk aquamancers
  39 two-headed ogres
  4 death yaks
  6 tengu warriors
  An alligator snapping turtle (Shoals:4)
  3 deep troll earth magi (Depths:1)
  10 deep troll shamans
  5 vampire magi
  A thrashing horror (WizLab)
  2 Orb Guardian skeletons
  3 spectral nagas (Crypt:3)
  An occultist (Depths:2)
  A quicksilver ooze zombie (Crypt:1)
  4 shock serpents
  3 orc high priests (Vaults:2)
  A titan zombie (Crypt:2)
  A spectral storm dragon (Crypt:3)
  13 naga sharpshooters
  20 naga warriors
  A spectral dire elephant (Crypt:3)
  Urug (Lair:1)
  2 soul eaters
  11 deep elf knights
  2 spriggan berserkers (Depths:1)
  9 hell knights
  4 skysharks
  3 iron trolls
  5 spriggans
  3 salamander mystics
  7 shadow wraiths
  18 skeletal warriors
  15 sea snakes
  2 golden dragon zombies
  A sea snake (shapeshifter) (Vaults:5)
  2 sixfirhies
  57 deep trolls
  A large abomination (WizLab)
  A mana viper (shapeshifter) (Depths:3)
  6 naga ritualists
  3 fire crabs
  6 cherubim (Depths:2)
  A spectral anaconda (Crypt:3)
  An orb spider (WizLab)
  An orb spider (shapeshifter) (Vaults:5)
  11 mana vipers
  An iron giant skeleton (Crypt:3)
  A shadow demon (WizLab)
  14 deep elf archers
  9 flayed ghosts
  5 glowing orange brains
  6 arcanists
  A tengu zombie (Vaults:2)
  13 ironbound convokers
  A spectral iron dragon (Crypt:3)
  A wolf spider zombie (Crypt:1)
  10 lindwurms
  5 necromancers
  20 phantasmal warriors
  10 harpies
  43 deep elf pyromancers
  2 thermic dynamos
  A lindwurm (shapeshifter) (Vaults:4)
  10 orc knights
  40 ugly things
  2 orc sorcerers
  2 shining eyes
  36 deep elf zephyrmancers
  An alligator skeleton (WizLab)
  An eleionoma zombie (Crypt:1)
  A faun (shapeshifter) (WizLab)
  A sphinx simulacrum (Vaults:2)
  10 cyclopes
  10 manticores
  6 salamanders
  25 fauns
  A fire giant zombie (Vaults:1)
  A human zombie (Vaults:1)
  3 kobold blastminers (Orc:1)
  A goliath frog skeleton (Crypt:2)
  3 meliai (D:14)
  35 moths of wrath
  A salamander (shapeshifter) (Vaults:5)
  A meliai (shapeshifter) (D:14)
  9 guardian serpents
  2 worldbinders (WizLab)
  11 water nymphs
  2 spectral centaurs (Crypt:3)
  A water nymph (shapeshifter) (Vaults:4)
  An ice statue (Snake:3)
  2 formless jellyfish zombies
  A titan simulacrum (Vaults:1)
  An elephant (Lair:5)
  7 merfolk sirens
  13 naga magi
  14 vault sentinels
  A smoke demon (D:13)
  37 black mambas
  Joseph (D:7)
  A gargoyle (D:12)
  9 cane toads
  A torpor snail (shapeshifter) (WizLab)
  2 eyes of devastation
  An elephant slug zombie (Crypt:1)
  An alligator snapping turtle zombie (Crypt:1)
  Maggie (D:8)
  A hellion (D:14)
  A cane toad (shapeshifter) (D:14)
  An unseen horror (D:10)
  An unseen horror (shapeshifter) (D:13)
  16 freezing wraiths
  A black draconian zombie (Crypt:3)
  A kobold demonologist (D:12)
  2 rime drakes
  A green draconian zombie (Crypt:2)
  34 yaktaurs
  A tengu conjurer (D:15)
  7 komodo dragons
  A tormentor (Zot:1)
  An iron troll zombie (Crypt:3)
  A red devil (D:1)
  2 efreet (D:15)
  A spectral harpy (Crypt:3)
  An anaconda simulacrum (Crypt:3)
  12 trolls
  16 merfolk
  2 polar bears
  9 hornets
  A shadow dragon simulacrum (Crypt:3)
  An iron dragon simulacrum (Crypt:3)
  4 glass eyes
  Prince Ribbit (D:9)
  6 wind drakes
  16 blink frogs
  9 dream sheep
  16 snapping turtles
  A culicivora (shapeshifter) (D:14)
  2 jumping spiders (WizLab)
  3 shadows
  11 water elementals
  3 air elementals
  150 slime creatures
  6 wyverns
  6 wraiths
  2 vampires (D:13)
  Grum (D:11)
  4 basilisks
  10 golden eyes
  An elf skeleton (Vaults:2)
  2 fire elementals
  67 yaks
  3 wargs
  A redback (WizLab)
  8 vampire mosquitoes
  54 nagas
  A steam dragon (D:7)
  A swamp worm (shapeshifter) (Vaults:2)
  Duvessa (D:4)
  An entropy weaver zombie (Crypt:2)
  10 water moccasins
  4 ice beasts
  17 orc warriors
  A black bear (D:5)
  A dream sheep zombie (Crypt:3)
  21 laughing skulls
  7 wolves
  A lindwurm zombie (Crypt:2)
  25 ogres
  8 centaurs
  An elephant skeleton (Crypt:1)
  2 kobold brigands
  A naga simulacrum (Crypt:3)
  3 gnoll sergeants
  6 bullfrogs
  A glowing shapeshifter simulacrum (Vaults:1)
  2 scorpions (D:6)
  A komodo dragon skeleton (Crypt:3)
  Dowan (D:4)
  2 human skeletons (Vaults:2)
  4 wights
  A raiju zombie (Crypt:2)
  4 killer bees (D:10)
  2 howler monkeys
  6 electric eels
  A shapeshifter skeleton (Crypt:1)
  2 bombardier beetles
  11 jellies
  16 orc priests
  6 hounds
  A sleepcap (D:6)
  Crazy Yiuf (D:2)
  A gnoll bouda (D:5)
  Natasha (twice) (D:2)
  3 iguanas
  16 orc wizards
  A statue (D:6)
  A deep dwarf zombie (Crypt:3)
  An ogre skeleton (Crypt:3)
  A tengu skeleton (Crypt:3)
  An acid dragon skeleton (Crypt:1)
  A mummy (Crypt:3)
  10 adders
  21 gnolls
  A shadow imp (D:5)
  A white imp (D:6)
  4 ufetubi (D:6)
  An iguana zombie (Crypt:1)
  A jelly zombie (Crypt:2)
  3 ribbon worms
  75 orcs
  11 endoplasms
  2 giant cockroaches (D:3)
  4 hobgoblins
  5 jackals
  13 kobolds
  6 quokkas
  7 ball pythons
  3 bats
  5 frilled lizards
  5 goblins
  A jackal skeleton (Crypt:2)
  An orc zombie (Crypt:2)
  6 rats
  A rat skeleton (Crypt:2)
  3 aspiring fleshes
  2 butterflies (Lair:1)
  5 tentacles (Shoals:3)
2411 creatures vanquished.

Vanquished Creatures (others)
  A draconian knight (Zot:1)
  A centaur warrior (D:13)
  A deep elf knight (Elf:1)
  A merfolk siren (Shoals:1)
  An orc wizard (Orc:1)
  6 starspawn tentacles (WizLab)
  9 tentacles (Shoals:3)
20 creatures vanquished.

Grand Total: 2431 creatures vanquished

Notes
Turn   | Place    | Note
-------+----------+-------------------------------------------
     0 | D:5      | TheMeInTeam the Coglin Delver began the quest for the Orb.
     0 | D:5      | Reached XP level 1. HP: 18/18 MP: 1/1
    43 | D:5      | Noticed an ice beast
   182 | D:4      | Noticed Duvessa
   182 | D:4      | Noticed Dowan
   317 | D:2      | Found a runed translucent door.
   510 | D:1      | Reached XP level 2. HP: 24/24 MP: 2/2
  1483 | D:2      | Reached XP level 3. HP: 29/29 MP: 3/3
  1801 | D:2      | Reached XP level 4. HP: 18/37 MP: 4/4
  1804 | D:2      | Reached skill level 1 in Maces & Flails
  2159 | D:2      | Noticed Natasha
  2265 | D:2      | Noticed Crazy Yiuf
  2352 | D:3      | Reached XP level 5. HP: 32/42 MP: 5/5
  2594 | D:3      | Found an iron altar of Okawaru.
  2597 | D:3      | Became a worshipper of Warmaster Okawaru
  2954 | D:3      | Found an opulent altar of Gozag.
  3278 | D:4      | Reached XP level 6. HP: 44/50 MP: 6/6
  3593 | D:4      | Killed Duvessa
  3594 | D:4      | Reached skill level 5 in Fighting
  3600 | D:4      | Killed Dowan
  3600 | D:4      | Reached * piety under Okawaru
  3601 | D:4      | Reached XP level 7. HP: 48/56 MP: 7/7
  3833 | D:4      | Found a white marble altar of Elyvilon.
  3837 | D:4      | Found a bloodstained altar of Trog.
  3841 | D:4      | Found a glowing silver altar of Zin.
  3898 | D:4      | Reached skill level 5 in Long Blades
  4167 | D:5      | Reached skill level 1 in Evocations
  4320 | D:5      | Reached skill level 1 in Invocations
  4612 | D:5      | Reached XP level 8. HP: 33/64 MP: 8/8
  5435 | D:6      | Found a staircase to the Ecumenical Temple.
  5624 | D:6      | Reached ** piety under Okawaru
  5668 | Temple   | Entered the Ecumenical Temple
  6472 | D:6      | Found a radiant altar of Vehumet.
  6558 | D:7      | Noticed Joseph
  6756 | D:7      | Killed Joseph
  6757 | D:7      | Reached XP level 9. HP: 72/72 MP: 10/10
  7157 | D:7      | Reached *** piety under Okawaru
  7809 | D:8      | Noticed a two-headed ogre
  8115 | D:8      | Reached skill level 5 in Evocations
  8222 | D:8      | Noticed Maggie
  8266 | D:8      | Reached **** piety under Okawaru
  8394 | D:8      | Killed Maggie
  8395 | D:8      | Reached XP level 10. HP: 82/82 MP: 12/12
  8664 | D:8      | Identified the +5 whip of Kyileub {freeze, rPois rN+ Int+4}
  8779 | D:8      | Paralysed by a hornet for 1 turns
  8785 | D:8      | Paralysed by a hornet for 2 turns
  9542 | D:9      | Found a hazy altar of Hepliaklqana.
  9639 | D:9      | Paralysed by a hornet for 3 turns
  9913 | D:9      | Noticed Erolcha
 10308 | D:9      | Noticed Prince Ribbit
 10324 | D:9      | Killed Prince Ribbit
 10378 | D:9      | Found Nasm's Antique Armour Shop.
 10386 | D:9      | Noticed a two-headed ogre
 10388 | D:9      | Bought a jewelled leather armour for 154 gold pieces
 10388 | D:9      | Identified the +1 leather armour "Jaclo" {rF++ Stlth-} (You
                  | bought it in a shop on level 9 of the Dungeon)
 10388 | D:9      | Bought a pair of embroidered boots for 165 gold pieces
 10448 | D:9      | Killed a two-headed ogre
 10590 | D:9      | Found a staircase to the Lair.
 10601 | D:9      | Identified the ring "Tiomanuu" {Will+ rCorr Str-3 Slay+5
                  | SInv}
 10622 | D:9      | Reached ***** piety under Okawaru
 10729 | Lair:1   | Entered Level 1 of the Lair of Beasts
 10961 | Lair:1   | Noticed Urug
 11047 | Lair:1   | Noticed a cane toad
 11064 | Lair:1   | Killed a cane toad
 11065 | Lair:1   | Reached XP level 11. HP: 90/90 MP: 11/14
 11115 | Lair:1   | Reached skill level 10 in Fighting
 11194 | Lair:1   | Reached skill level 10 in Long Blades
 11208 | Lair:1   | Reached skill level 5 in Maces & Flails
 11519 | Lair:1   | Reached skill level 5 in Invocations
 11723 | Lair:1   | Killed Urug
 12186 | Lair:1   | Upgraded the game from 0.32-a0-685-g93135e86f0 to
                  | 0.32-a0-732-ga344392067
 12218 | Lair:2   | Received a gift from Okawaru
 12307 | Lair:2   | Noticed a six-headed hydra
 12517 | Lair:2   | Noticed Gastronok
 12654 | Lair:2   | Noticed Fannar
 12675 | Lair:2   | Killed Fannar
 13414 | Lair:3   | Received a gift from Okawaru
 13415 | Lair:3   | Reached XP level 12. HP: 95/97 MP: 16/16
 13889 | Lair:3   | Found a staircase to the Snake Pit.
 14368 | Lair:3   | Noticed a four-headed hydra
 14374 | Lair:3   | Killed a four-headed hydra
 14527 | Lair:3   | Found a staircase to the Shoals.
 14688 | Lair:3   | Received a gift from Okawaru
 14863 | Lair:3   | Noticed a death yak
 14894 | Lair:3   | Noticed a death yak
 14897 | Lair:3   | Noticed a death yak
 14898 | Lair:3   | Noticed a death yak
 15078 | Lair:2   | Killed Gastronok
 15130 | Lair:2   | Killed a six-headed hydra
 15131 | Lair:2   | Reached skill level 10 in Evocations
 15258 | Lair:3   | Noticed a four-headed hydra
 15272 | Lair:3   | Killed a four-headed hydra
 15288 | Lair:3   | Received a gift from Okawaru
 15430 | Lair:3   | Identified the +1 pair of boots of Netzudd {rElec}
 15447 | Lair:3   | Noticed a four-headed hydra
 15462 | Lair:2   | Killed a four-headed hydra
 16212 | Lair:3   | Killed a death yak
 16327 | Lair:2   | Killed a death yak
 16328 | Lair:2   | Reached XP level 13. HP: 50/103 MP: 16/18
 16745 | Lair:3   | Found a staircase to the Snake Pit.
 17258 | Lair:3   | Found a staircase to the Shoals.
 17614 | Lair:4   | Identified the serpent talisman of Somewhere Else {Fly MP+9
                  | Dex+4}
 17651 | Lair:4   | Found a runed translucent door.
 17656 | Lair:4   | Noticed Sugi's ghost (journeyman MiFi)
 18469 | Lair:4   | Found a staircase to the Slime Pits.
 18503 | Lair:4   | Identified the +9 great sword "Bemeat" {venom, rC+ rCorr}
 18758 | Lair:5   | Entered Level 5 of the Lair of Beasts
 19046 | Lair:5   | Received a gift from Okawaru
 21318 | Lair:4   | Received a gift from Okawaru
 21390 | Lair:5   | Reached XP level 14. HP: 86/110 MP: 20/20
 21404 | Lair:5   | Reached skill level 15 in Long Blades
 21571 | Lair:4   | Acquired a N-80 supersamoflange {rElec rF+ Regen+ RegenMP+}
 21894 | Lair:5   | Identified the +1 trident of Makhleb's Pride {freeze,
                  | ^Contam *Rage rF+++ Stlth+}
 21895 | Lair:5   | Identified the +3 ring mail of the Trombone {+Blink rF+
                  | Int+2}
 22542 | D:10     | Entered Level 10 of the Dungeon
 22791 | D:10     | Reached skill level 1 in Armour
 23392 | D:10     | Found a staircase to the Orcish Mines.
 23581 | Orc:1    | Entered Level 1 of the Orcish Mines
 23775 | Orc:2    | Entered Level 2 of the Orcish Mines
 24148 | Orc:1    | Received a gift from Okawaru
 24720 | Orc:2    | Found Cygeel's Vocational Training.
 25135 | Orc:2    | Found a staircase to the Elven Halls.
 25166 | Orc:2    | Received a gift from Okawaru
 25238 | Orc:2    | Found Paloffyc's Book Shoppe.
 25238 | Orc:2    | Found Qomyeven's Book Boutique.
 25239 | Orc:2    | Found Geiruodd's Armour Boutique.
 25239 | Orc:2    | Found Qaapsekh's Magic Scroll Emporium.
 25250 | Orc:2    | Bought the +1 cloak of the Poles {Will+ Int+3 SInv} for 489
                  | gold pieces
 25262 | Orc:2    | Bought a scroll of identify for 36 gold pieces
 25262 | Orc:2    | Bought a scroll of identify for 36 gold pieces
 25262 | Orc:2    | Bought a scroll of enchant armour for 135 gold pieces
 25262 | Orc:2    | Bought a scroll of identify for 36 gold pieces
 25262 | Orc:2    | Bought a scroll of teleportation for 54 gold pieces
 25262 | Orc:2    | Bought a scroll of revelation for 135 gold pieces
 25438 | D:11     | Noticed Harold
 25450 | D:11     | Killed Harold
 25469 | D:11     | Noticed Grum
 25490 | D:10     | Reached XP level 15. HP: 67/117 MP: 21/21
 25546 | D:11     | Killed Grum
 25764 | D:11     | Received a gift from Okawaru
 25765 | D:11     | Reached skill level 5 in Dodging
 26612 | D:12     | Reached skill level 5 in Armour
 27504 | D:13     | Reached skill level 15 in Evocations
 27593 | D:13     | Received a gift from Okawaru
 27948 | D:13     | Reached ****** piety under Okawaru
 27950 | D:13     | Acquired a +1 demon blade of draining
 27950 | D:13     | Received a gift from Okawaru
 27966 | D:13     | Acquired a +1 pair of gloves of infusion
 27966 | D:13     | Received a gift from Okawaru
 27994 | D:13     | Found a gate to the Vaults.
 28325 | D:14     | Identified the +3 robe "Homauhut" {Regen+ Dex+4}
 28533 | D:14     | Received a gift from Okawaru
 28863 | D:14     | Reached XP level 16. HP: 93/127 MP: 19/22
 29285 | D:15     | Entered Level 15 of the Dungeon
 29414 | D:14     | Received a gift from Okawaru
 29531 | D:15     | Found Enuj's Jewellery Shoppe.
 29705 | D:15     | Found Geqopop's General Store.
 29709 | D:15     | Found Xebiduanu's Specific Store.
 29713 | D:15     | Bought a scroll of vulnerability for 44 gold pieces
 30021 | D:15     | Received a gift from Okawaru
 30444 | D:15     | Found a staircase to the Depths.
 30904 | D:15     | Bought a +4 ring mail of poison resistance for 308 gold
                  | pieces
 31167 | Snake:1  | Entered Level 1 of the Snake Pit
 31312 | Snake:1  | Noticed Frances
 31539 | Snake:1  | Received a gift from Okawaru
 31622 | Snake:1  | Killed Frances
 31706 | Snake:1  | Identified the serpent talisman of Jiaseajo {rC- rN+++
                  | rCorr Slay-4}
 31706 | Snake:1  | Noticed Aizul
 31706 | Snake:1  | Noticed Rupert
 31738 | Snake:1  | Killed Aizul
 31834 | Snake:1  | Found Hateephi's Distillery.
 31842 | Snake:1  | Bought a potion of invisibility for 128 gold pieces
 31842 | Snake:1  | Bought a potion of heal wounds for 80 gold pieces
 31842 | Snake:1  | Bought a potion of might for 64 gold pieces
 31842 | Snake:1  | Bought a potion of might for 64 gold pieces
 31842 | Snake:1  | Bought a potion of heal wounds for 80 gold pieces
 32073 | Snake:1  | Killed Rupert
 32115 | Snake:1  | Received a gift from Okawaru
 32545 | Snake:2  | Reached XP level 17. HP: 100/138 MP: 18/23
 32990 | Snake:2  | Found Zipecu's Weapon Boutique.
 32991 | Snake:2  | Found Xicak's Assorted Antiques.
 33053 | Snake:2  | You fall into a shaft and drop 1 floor!
 33910 | Snake:2  | Received a gift from Okawaru
 33927 | Snake:2  | Reached skill level 10 in Dodging
 34435 | Snake:2  | Found Xicak's Assorted Antiques.
 34436 | Snake:2  | Found Zipecu's Weapon Boutique.
 35154 | Snake:3  | Reached skill level 10 in Armour
 35364 | Snake:3  | Received a gift from Okawaru
 36354 | Shoals:1 | Entered Level 1 of the Shoals
 36399 | Shoals:1 | Noticed Nikola
 36400 | Arena    | Entered the Arena
 36406 | Arena    | Reached skill level 15 in Fighting
 36454 | Shoals:1 | Killed Nikola
 36454 | Shoals:1 | Received a gift from Okawaru
 36619 | Shoals:1 | Identified the staffair "Diaq" {rElec Will- rCorr Hexes
                  | Fire Air}
 36999 | Shoals:1 | Reached XP level 18. HP: 149/149 MP: 8/24
 37811 | Shoals:2 | Received a gift from Okawaru
 37919 | Shoals:2 | Found a transporter.
 37925 | Shoals:2 | Found a transporter.
 37925 | Shoals:2 | Found a bloodstained altar of Trog.
 37935 | Shoals:2 | Noticed Ycup's ghost (journeyman MiBe)
 39064 | Shoals:3 | Received a gift from Okawaru
 39070 | Shoals:3 | Found Ulaeddat's Jewellery Shop.
 39105 | Shoals:3 | Identified the +7 plate armour "Daqaofar" {rPois rF+ Str-2}
 39651 | Shoals:4 | Entered Level 4 of the Shoals
 40130 | Shoals:4 | Identified the +0 chain mail of Xuhih {Will+}
 40627 | Shoals:4 | Received a gift from Okawaru
 40717 | Shoals:4 | Got a barnacled rune of Zot
 41183 | Snake:4  | Entered Level 4 of the Snake Pit
 41372 | Snake:4  | Reached skill level 1 in Shapeshifting
 42383 | Snake:4  | Reached skill level 10 in Invocations
 42442 | Snake:4  | Reached XP level 19. HP: 159/159 MP: 21/26
 43059 | Snake:4  | Got a serpentine rune of Zot
 43563 | Elf:1    | Entered Level 1 of the Elven Halls
 43673 | Elf:1    | Received a gift from Okawaru
 43675 | Arena    | Entered the Arena
 44457 | Elf:1    | Noticed an Ice Fiend
 44471 | Elf:1    | Received a gift from Okawaru
 45163 | Elf:1    | Found Ceq Lea's Jewellery Shop.
 45164 | Elf:1    | Found Sititixt's Book Emporium.
 45166 | Elf:1    | Found Gyn Rie's Jewellery Shop.
 45401 | Elf:2    | Noticed Roxanne
 45587 | Elf:2    | Found a runed translucent gate.
 45608 | Elf:2    | Found a runed translucent gate.
 45608 | Elf:2    | Found a runed translucent gate.
 45633 | Elf:2    | Paralysed by an air elemental for 1 turns
 45640 | Elf:2    | Received a gift from Okawaru
 45996 | Elf:2    | Reached skill level 5 in Shapeshifting
 47308 | Elf:2    | Reached XP level 20. HP: 156/168 MP: 24/28
 47313 | Elf:2    | Received a gift from Okawaru
 47401 | Elf:3    | Entered Level 3 of the Elven Halls
 47415 | Elf:3    | Found Emmuniul's Antique Weapon Shoppe.
 47492 | Elf:3    | Paralysed by an air elemental for 1 turns
 47563 | Elf:3    | Found a magical portal.
 47566 | WizLab   | Entered The Roulette of Golubria
 47566 | WizLab   | Found a transporter.
 47569 | WizLab   | Found the +1 cloak of Starlight {*Dazzle EV+4 Stlth--}
 47569 | WizLab   | Found a corrupted altar of Lugonu.
 47641 | WizLab   | Found a corrupted altar of Lugonu.
 47652 | WizLab   | Found a transporter.
 47659 | WizLab   | Found a corrupted altar of Lugonu.
 47670 | WizLab   | Noticed a hellephant
 47691 | WizLab   | Found a transporter.
 47748 | WizLab   | Found a transporter.
 47782 | WizLab   | Found a transporter.
 47782 | WizLab   | Found a transporter.
 47905 | WizLab   | Found a corrupted altar of Lugonu.
 47908 | WizLab   | Found a corrupted altar of Lugonu.
 47908 | WizLab   | Found a corrupted altar of Lugonu.
 47910 | WizLab   | Found a corrupted altar of Lugonu.
 47913 | WizLab   | Found a transporter.
 48018 | WizLab   | Learned a level 1 spell: Apportation
 48019 | WizLab   | Found a transporter.
 48019 | WizLab   | Found a transporter.
 48042 | WizLab   | Found a transporter.
 48063 | WizLab   | Found a transporter.
 48064 | WizLab   | Found a corrupted altar of Lugonu.
 48083 | Arena    | Entered the Arena
 48100 | WizLab   | Found a transporter.
 48105 | WizLab   | Found a transporter.
 48233 | WizLab   | Found a transporter.
 48930 | Elf:3    | Received a gift from Okawaru
 49475 | Elf:3    | Identified the +4 trident "Dootu" {spect, rC+}
 49844 | Elf:3    | Received a gift from Okawaru
 50479 | Elf:3    | Found the +0 pair of fencer's gloves {Riposte Dex+3}
 50488 | Elf:3    | Identified the +8 broad axe of Baijev {drain, Will+}
 50492 | Elf:3    | Identified the staffair of Pueggooh {rElec rPois rF- Int+4
                  | Summ Air}
 50500 | Elf:3    | Identified the stafffire of the End of Times {rF+ rN+ Str+2
                  | Int-2 Fire}
 50523 | Elf:3    | Identified the ring of Okawaru's Whim {rPois rF+ Will+
                  | rCorr Stlth+}
 51076 | Snake:2  | Bought a potion of heal wounds for 130 gold pieces
 51076 | Snake:2  | Bought 2 scrolls of teleportation for 156 gold pieces
 51420 | Elf:1    | Bought a manual of Fighting for 1120 gold pieces
 51639 | Vaults:1 | Entered Level 1 of the Vaults
 51972 | Vaults:1 | Identified the +7 short sword of Mayhem {pain, Dex+3}
 51979 | Vaults:1 | Received a gift from Okawaru
 51995 | Vaults:1 | Reached XP level 21. HP: 126/178 MP: 0/30
 52295 | Vaults:1 | Received a gift from Okawaru
 52592 | Vaults:1 | Reached skill level 15 in Dodging
 53075 | Vaults:1 | Received a gift from Okawaru
 53642 | Vaults:2 | Found a staircase to the Crypt.
 54006 | Vaults:2 | Noticed Donald
 54007 | Vaults:2 | Noticed Zenata
 54015 | Vaults:2 | Killed Donald
 54021 | Vaults:2 | Killed Zenata
 54114 | Vaults:2 | Received a gift from Okawaru
 54849 | Vaults:2 | Found Uguedd's Distillery.
 54859 | Vaults:2 | Bought a potion of curing for 33 gold pieces
 54859 | Vaults:2 | Bought a potion of resistance for 110 gold pieces
 54859 | Vaults:2 | Bought a potion of curing for 33 gold pieces
 54859 | Vaults:2 | Bought a potion of curing for 33 gold pieces
 54859 | Vaults:2 | Bought a potion of invisibility for 88 gold pieces
 55494 | Vaults:3 | Found Luteb's Magic Scroll Shoppe.
 55697 | Vaults:3 | Bought a scroll of teleportation for 60 gold pieces
 55697 | Vaults:3 | Bought a scroll of teleportation for 60 gold pieces
 55697 | Vaults:3 | Bought a scroll of enchant weapon for 150 gold pieces
 55812 | Vaults:3 | Reached XP level 22. HP: 190/190 MP: 28/31
 55957 | Vaults:3 | Received a gift from Okawaru
 56692 | Vaults:4 | Identified the +3 scale mail "Qir Hyuli" {Dex+2 Stlth+}
 57470 | Vaults:4 | Reached skill level 15 in Armour
 57503 | Vaults:4 | Reached skill level 10 in Shapeshifting
 57696 | Depths:1 | Entered Level 1 of the Depths
 57774 | Depths:1 | Found a corrupted altar of Lugonu.
 57774 | Depths:1 | Found a one-way gate to the infinite horrors of the Abyss.
 58188 | Depths:1 | Found a gateway to Hell.
 58199 | Depths:1 | Paralysed by a vampire knight for 5 turns
 58349 | Depths:1 | Received a gift from Okawaru
 59218 | Depths:1 | Received a gift from Okawaru
 59335 | Depths:2 | Found a hazy altar of Hepliaklqana.
 59933 | Depths:2 | Received a gift from Okawaru
 60171 | Depths:2 | Reached XP level 23. HP: 176/202 MP: 24/32
 60327 | Depths:2 | Found a one-way gate leading to the halls of Pandemonium.
 60593 | Depths:2 | Found a glowing silver altar of Zin.
 60593 | Depths:2 | Noticed Mennas
 60606 | Depths:2 | Killed Mennas
 60671 | Depths:2 | Identified the +3 morningstar "Xiawnis" {heavy, rElec
                  | Dex+9}
 61032 | Depths:3 | Found a bloodstained altar of Trog.
 61330 | Depths:3 | Received a gift from Okawaru
 61587 | Depths:3 | Noticed a caustic shrike
 61599 | Depths:3 | Killed a caustic shrike
 62137 | Depths:3 | Noticed a juggernaut
 62142 | Depths:3 | Noticed a golden dragon
 62145 | Depths:3 | Killed a juggernaut
 62145 | Depths:3 | Received a gift from Okawaru
 62149 | Depths:3 | Killed a golden dragon
 62176 | Depths:3 | Identified the ring of Amorality {rC+ rN+++}
 62505 | Depths:4 | Entered Level 4 of the Depths
 62505 | Depths:4 | Found a one-way gateway to a ziggurat.
 63595 | Depths:4 | Found Guifrem's Antique Armour Emporium.
 63598 | Depths:4 | Found Lawoki's Antique Armour Emporium.
 63598 | Depths:4 | Found Ugehonet's Antique Armour Shoppe.
 63601 | Depths:4 | Found Gyn Rie's Jewellery Shoppe.
 63612 | Depths:4 | Bought a shiny helmet for 255 gold pieces
 63720 | Depths:4 | Noticed a golden dragon
 63727 | Depths:4 | Killed a golden dragon
 63771 | Depths:4 | Received a gift from Okawaru
 63886 | Depths:4 | Found a gate to the Realm of Zot.
 64566 | Slime:1  | Entered Level 1 of the Pits of Slime
 64692 | Slime:2  | Reached XP level 24. HP: 213/213 MP: 10/32
 65206 | Slime:5  | Entered Level 5 of the Pits of Slime
 65296 | Slime:5  | Received a gift from Okawaru
 65376 | Slime:5  | Noticed the Royal Jelly
 65378 | Slime:5  | the Royal Jelly changed into a golden dragon shaped Royal
                  | Jelly
 65378 | Slime:5  | Noticed a golden dragon shaped Royal Jelly
 66376 | Slime:5  | Received a gift from Okawaru
 66573 | Slime:5  | Killed a golden dragon shaped Royal Jelly
 66793 | Slime:5  | Identified the +1 orcbow "Nisasimeoj" {drain, Dex+2}
 66797 | Slime:5  | Got the Guide on Foggy Signs
 66856 | Slime:5  | Got a slimy rune of Zot
 66857 | Slime:5  | Identified the +9 war axe "Oxzoesat" {heavy, rN+ Int+4}
 67325 | Elf:1    | Bought a talisman of death for 1040 gold pieces
 67685 | Shoals:2 | Killed Ycup's ghost
 67989 | D:2      | Killed Natasha
 68057 | D:2      | Noticed Natasha
 68061 | D:2      | Killed Natasha
 68130 | D:2      | Killed Crazy Yiuf
 68355 | D:9      | Found a hazy altar of Hepliaklqana.
 68390 | D:9      | Killed Erolcha
 68525 | Lair:4   | Killed Sugi's ghost
 69081 | Vaults:3 | Bought a scroll of silence for 190 gold pieces
 69081 | Vaults:3 | Bought a scroll of fear for 80 gold pieces
 69397 | Elf:2    | Killed Roxanne
 69796 | Crypt:1  | Entered Level 1 of the Crypt
 69848 | Crypt:1  | Paralysed by a vampire knight for 4 turns
 69946 | Crypt:1  | Paralysed by a vampire knight for 4 turns
 69996 | Crypt:1  | Received a gift from Okawaru
 71288 | Crypt:3  | Entered Level 3 of the Crypt
 71311 | Crypt:3  | Found a staircase to the Tomb.
 71460 | Crypt:3  | Reached XP level 25. HP: 220/220 MP: 32/32
 71532 | Crypt:3  | Received a gift from Okawaru
 71540 | Crypt:3  | Noticed Khufu
 71545 | Crypt:3  | Noticed a royal mummy
 71548 | Crypt:3  | Killed Khufu
 71548 | Crypt:3  | Noticed a royal mummy
 71554 | Crypt:3  | Killed a royal mummy
 71559 | Crypt:3  | Killed a royal mummy
 72271 | Crypt:3  | Received a gift from Okawaru
 72315 | Crypt:3  | Identified the staffdeath of the Ship {rN+ Int+3 Dex-2
                  | Stlth+ Hexes Necro}
 72428 | Crypt:3  | Reached skill level 15 in Shapeshifting
 72523 | Crypt:3  | Identified a scroll of acquirement
 72680 | Crypt:3  | Identified the +0 ring mail "Petsin" {Harm ^Drain rF+
                  | Int+6}
 72691 | Crypt:3  | Acquired a manual of Evocations
 72706 | Crypt:3  | Identified the +5 halberd of Yxkea {freeze, rN+ rCorr Str+4
                  | Int-3}
 72707 | Crypt:3  | Identified the +4 broad axe of Guax {heavy, rC+ Str+2}
 72887 | Vaults:5 | Entered Level 5 of the Vaults
 73010 | Vaults:5 | Received a gift from Okawaru
 73255 | Vaults:5 | Identified the +8 scale mail of Eternal Vigilance {MP+9}
 73901 | Vaults:5 | Received a gift from Okawaru
 74152 | Vaults:5 | Reached XP level 26. HP: 219/228 MP: 28/32
 74741 | Vaults:5 | Got a silver rune of Zot
 74900 | Vaults:5 | Received a gift from Okawaru
 74916 | Vaults:5 | Identified the ring "Jyevon" {rN++ Will+ Str-3 Dex+6
                  | Stlth-}
 75143 | Vaults:5 | Found Jahirph's Weapon Emporium.
 75722 | Zot:1    | Entered Level 1 of the Realm of Zot
 75896 | Zot:1    | Received a gift from Okawaru
 76860 | Zot:1    | Received a gift from Okawaru
 77304 | Zot:2    | Reached XP level 27. HP: 209/235 MP: 32/32
 77495 | Zot:2    | Received a gift from Okawaru
 77942 | Zot:2    | Found a large runed translucent door.
 77943 | Zot:2    | Found a large runed translucent door.
 77944 | Zot:2    | Noticed Hoptod's ghost (master DsFi)
 78550 | Zot:3    | Got the Folio of the Hiemal Blink Frog
 79218 | Zot:3    | Received a gift from Okawaru
 79447 | Zot:4    | Noticed Vv
 79478 | Arena    | Entered the Arena
 79655 | Zot:4    | Noticed an ancient lich
 79656 | Arena    | Entered the Arena
 79666 | Arena    | Killed Vv
 79686 | Zot:4    | Killed an ancient lich
 79696 | Zot:4    | Received a gift from Okawaru
 80551 | Zot:5    | Entered Level 5 of the Realm of Zot
 80674 | Zot:5    | Found a runed translucent gate.
 80675 | Zot:5    | Found a runed translucent gate.
 80676 | Zot:5    | Found a runed translucent gate.
 80677 | Zot:5    | Noticed zewo's ghost (veteran DrRe)
 80677 | Zot:5    | Noticed Sackuas's ghost (veteran OnBe)
 80678 | Zot:5    | Noticed Uxisash's ghost (veteran DrIE)
 80987 | Zot:5    | Received a gift from Okawaru
 80996 | Zot:5    | Noticed an orb of fire
 81003 | Zot:5    | Killed an orb of fire
 81003 | Zot:5    | Noticed an orb of fire
 81169 | Zot:4    | Gained mutation: Your magical capacity is low. (-10% MP)
                  | [potion of mutation]
 81169 | Zot:4    | Gained mutation: You are frail. (-10% HP) [potion of
                  | mutation]
 81170 | Zot:4    | Lost mutation: You are frail. (-10% HP) [potion of
                  | mutation]
 81170 | Zot:4    | Lost mutation: Your magical capacity is low. (-10% MP)
                  | [potion of mutation]
 81170 | Zot:4    | Gained mutation: You do not regenerate when monsters are
                  | visible. [potion of mutation]
 81170 | Zot:4    | Gained mutation: You have very sharp teeth. [potion of
                  | mutation]
 81171 | Zot:4    | Lost mutation: You do not regenerate when monsters are
                  | visible. [potion of mutation]
 81171 | Zot:4    | Lost mutation: You have very sharp teeth. [potion of
                  | mutation]
 81171 | Zot:4    | Gained mutation: Your flesh is heat resistant. (rF+)
                  | [potion of mutation]
 81171 | Zot:4    | Gained mutation: You are robust. (+10% HP) [potion of
                  | mutation]
 81171 | Zot:4    | Gained mutation: You are agile. (Dex +4, Str/Int -1)
                  | [potion of mutation]
 81208 | Zot:5    | Noticed an orb of fire
 81230 | Zot:4    | Killed an orb of fire
 81342 | Zot:4    | Killed an orb of fire
 81375 | Zot:5    | Noticed an ancient lich
 81388 | Zot:5    | Killed an ancient lich
 81446 | Zot:5    | Noticed an ancient lich
 81447 | Zot:5    | Noticed a dread lich
 81451 | Zot:5    | Noticed an ancient lich
 81452 | Zot:5    | Killed an ancient lich
 81452 | Zot:5    | Noticed an orb of fire
 81469 | Zot:5    | Killed a dread lich
 81479 | Zot:5    | Killed an orb of fire
 81493 | Zot:5    | Killed an ancient lich
 81493 | Zot:5    | Received a gift from Okawaru
 81498 | Zot:5    | Noticed an ancient lich
 81502 | Zot:5    | Killed an ancient lich
 81502 | Zot:5    | Noticed an ancient lich
 81510 | Zot:5    | Killed an ancient lich
 81564 | Zot:5    | Noticed an ancient lich
 81655 | Zot:5    | Killed an ancient lich
 82007 | Zot:5    | Found a runed translucent gate.
 82008 | Zot:5    | Found a runed translucent gate.
 82009 | Zot:5    | Found a runed translucent gate.
 82108 | Zot:5    | Noticed an ancient lich
 82111 | Zot:5    | Killed an ancient lich
 82133 | Zot:5    | Noticed an ancient lich
 82138 | Zot:5    | Killed an ancient lich
 82158 | Zot:5    | Received a gift from Okawaru
 82555 | Zot:5    | Noticed an ancient lich
 82579 | Zot:5    | Killed an ancient lich
 82696 | Zot:5    | Identified the +6 scale mail of the Fiend {rN+}
 82834 | Zot:5    | Got the Orb of Zot
 83414 | D:3      | Received a gift from Okawaru
 83507 | D:$      | Escaped with the Orb!

Illustrated notes

Levels and vault maps discovered:
D:1:      amcnicky_arrival_single_pillar, layout_loops_corners,
          minmay_misc_feat_cross
D:2:      layout_basic, uniq_crazy_yiuf_cottage, uniq_natasha
D:3:      layout_loops_ring, marbit_many_paths,
          mainiacjoe_overflow_surrounded_room, serial_glass, glass_columns_b,
          glass_columns_a, glass_columns_a, glass_columns_a, glass_columns_b,
          glass_columns_a
D:4:      layout_cave_pods, grunt_temple_overflow_diamond, uniq_duvessa
D:5:      nicolae_cairo_tiling, layout_basic, nicolae_ossuary_entry_ruins
D:6:      layout_basic, vehumet_statue, minmay_temple_entry_ruins,
          serial_curves, eino_curves_03, eino_curves_03,
          minmay_misc_feat_encased, small_statue_intersection, st_stairs_8
D:7:      layout_basic, serial_aquarium, aquarium_bridge_straight
          [aquarium_subvault_bridge, aquarium_subvault_wall,
          aquarium_subvault_bridge, aquarium_subvault_window],
          aquarium_bridge_square [aquarium_subvault_bridge,
          aquarium_subvault_balcony, aquarium_subvault_wall,
          aquarium_subvault_wall], aquarium_window_fake, aquarium_window_2,
          aquarium_window_fake, aquarium_view_2d, aquarium_view_2a,
          aquarium_pool_2, nicolae_eternal_life, kennysheep_nub, uniq_joseph
D:8:      layout_loops_corners, kennysheep_cluttered_room, uniq_maggie
D:9:      layout_stronghold, mainiacjoe_overflow_chevrons, lair_entry_dummy,
          serial_shops, nicolae_shop_trees, uniq_prince_ribbit1, uniq_erolcha
D:10:     minmay_skewed_foursquare, layout_basic, erik_orc_2
D:11:     layout_loops_cross, uniq_grum, uniq_harold
D:12:     layout_layer_cave
D:13:     layout_rooms, david_vaults_2
D:14:     layout_basic, kennysheep_kite_vault
D:15:     hangedman_depths_entry_civil_slaughter, layout_loops_corners,
          chequers_serial_rivers_room_a, serial_shops, shop,
          nicolae_specific_store
Temple:   nicolae_temple_no_exploring_needed
Lair:1:   layout_gridlike, lemuel_fruit_fields, grunt_megastairs_5, uniq_urug
Lair:2:   layout_hall_layers, ldierk_geyser, uniq_gastronok, uniq_fannar
Lair:3:   layout_cave_pods, elwin_shoals_entry_rooms,
          guppyfry_snake_entry_island, serial_bayou_pond_d, disabler_island
Lair:4:   layout_cellular_growth, nicolae_slime_entry_slimehenge,
          ebering_ghost_inner_flame
Lair:5:   gammafunk_lair_ancient_temple, layout_hall_layers, st_stairs_4,
          lemuel_fruit_tree
Shoals:1: layout_shoals, uniq_nikola
Shoals:2: layout_shoals, gammafunk_ghost_wrathful_warriors
Shoals:3: layout_shoals, serial_shops, shop,
          nicolae_shoals_nymph_descending_staircase
Shoals:4: shoals_end_grunt_garden, layout_shoals
Snake:1:  layout_gridlike, serial_shops, nicolae_shop_peninsula,
          nicolae_snake_gridmaze_spiral, st_stairs_12, uniq_aizul, uniq_frances,
          uniq_rupert
Snake:2:  layout_onion, nicolae_wooded_promenade, grunt_megastairs_2
Snake:3:  layout_misc_corridors, portal_ice_cave_entry_ice_statue_one
Snake:4:  minmay_snake_end_coiled, layout_cave_town
Slime:1:  layout_caves, cheibrodos_slime_lost_civilization_4
Slime:2:  layout_caves, cheibrodos_slime_lost_civilization_7
Slime:3:  layout_caves
Slime:4:  nicolae_slime_jelly_donut, layout_caves
Slime:5:  slime_pit
Orc:1:    layout_diamond_mine
Orc:2:    st_orc_ogre_mass, layout_caves, nicolae_shop_vocational
Elf:1:    elf_arrival_002, layout_loops_corners, minmay_elf_annihilation,
          nicolae_elf_vaults_five_recruitment_drive, minmay_shop_grove
Elf:2:    nicolae_elf_blades_crystal_corner, layout_geoelf_octagon, st_stairs_3,
          uniq_roxanne
Elf:3:    minmay_elf_hall_dome, layout_loops_corners, serial_shops,
          nicolae_shop_advertising_works [nicolae_subvault_shop_adworks],
          mu_enter_wizlab_7, grunt_megastairs_3
Vaults:1: vaults_mumra_minichess, nicolae_vaults_border_crossing,
          nicolae_vaults_network_periphery, hangedman_vaults_hat,
          grunt_vaults_funneled_arena, nicolae_vaults_wine_cellar,
          nicolae_vaults_trapezoid_1, nicolae_vaults_disjoint_gnomons,
          nicolae_vaults_little_squares_6, nicolae_vaults_rhombus_5,
          layout_vaults_omnibox
Vaults:2: ontoclasm_vaults_pinch, kb_rosetta, ontoclasm_vaults_spin,
          hangedman_vaults_stream, hangedman_vaults_nails,
          vaults_standard_mumra_enter_the_diamond,
          minmay_crypt_entry_nasty_monster, dpeg_vaults_monster_box,
          nicolae_vaults_diagonal_hallway_8, minmay_orc_keep,
          grunt_vaults_hallway_long, nicolae_vaults_two_Ls,
          layout_vaults_quadrants, serial_shops, shop, uniq_margery,
          uniq_zenata, uniq_donald
Vaults:3: ontoclasm_vaults_eye, nicolae_vaults_trapezoid_3,
          ontoclasm_vaults_chip, vaults_dpeg_ring,
          nicolae_vaults_ninety_degrees, v_alt_pattern_1,
          layout_vaults_chaotic_city, serial_shops, shop
Vaults:4: vaults_room_guarded_vault, nicolae_vaults_diamond_1,
          hangedman_vaults_locks, nicolae_vaults_stepped_doors,
          nicolae_vaults_steering_wheel, nicolae_vaults_spaceships,
          vaults_room_stairs_pillars, ontoclasm_vaults_decontamination,
          grunt_vaults_funnel, nicolae_vaults_surprise_closet,
          nicolae_vaults_trapezoid_lopsided_1, layout_vaults_maze_snakey
Vaults:5
Crypt:1:  layout_catacombs
Crypt:2:  layout_catacombs, nicolae_crypt_tucked_away
Crypt:3:  due_elkab, layout_chaotic_city, tomb_entry_forgotten_bobbens,
          uniq_khufu
Depths:1: layout_cave_pools, serial_sigils, serial_sigils_hangedman_scratch,
          serial_sigils_hangedman_scar, serial_sigils_hangedman_gut,
          serial_sigils_hangedman_stare, serial_sigils_hangedman_leer,
          abyss_entry_flame_altar, hell_entry, kennysheep_underground_church
Depths:2: evilmike_silver_temple, layout_small_grid, serial_bayou_pond_e,
          pf_coc_iceberg, pan_entry, worldfamousw_hep_ancestral_shrine,
          infiniplex_staircase_zigzag_5
Depths:3: minmay_the_grid_octo_tiled_octocenter [minmay_the_grid_octo_empty,
          minmay_the_grid_octo_chip, minmay_the_grid_octo_checkered,
          minmay_the_grid_octo_empty, minmay_the_grid_octo_prize_single_spiral,
          minmay_the_grid_square_5x5_comb, minmay_the_grid_square_5x5_empty,
          minmay_the_grid_square_5x5_intrusive_squares,
          minmay_the_grid_square_5x5_spiral_small], layout_honeycomb,
          hell_entry, trog_three_pillars_becter, abyss_entry
Depths:4: evilmike_zot_entry_basic, layout_gridlike, enter_ziggurat_e,
          rand_demon_pan_entry_9, hell_entry, hangedman_decor_points,
          minmay_shoptagon
Zot:1:    layout_gridlike, regret_index_zotdec_banners
Zot:2:    layout_cathedral_of_symmetry, ebering_ghost_disaster_area,
          grunt_megastairs_4
Zot:3:    layout_gridlike, regret_index_zotdec_twisting_globes
Zot:4:    layout_misc_corridors, nzn_random_ring, uniq_vv
Zot:5:    layout_misc_corridors, gammafunk_ghost_cemetery

Skill      XL: |  1  2  3  4  5  6  7  8  9 10 11 12 13 14 15 16 17 18 19 20 21 22 23 24 25 26 27 |
---------------+----------------------------------------------------------------------------------+-----
Long Blades    | 3 4 5 6 8 9 11 12 14 16 | 16.0
Maces & Flails | 1 2 3 4 6 8 |  8.0
Fighting       | 4 5 6 7 8 9 10 12 13 15 16 17 18 20 21 22 23 | 23.7
Evocations     | 2 4 5 7 9 10 12 14 15 16 19 20 | 20.0
Invocations    | 1 2 3 4 5 6 8 10 11 12 | 12.0
Dodging        | 4 6 9 11 12 13 14 15 16 17 19 20 22 | 22.0
Armour         | 4 6 9 10 11 14 16 17 | 17.0
Shapeshifting  | 2 5 7 9 10 12 14 15 17 23 | 23.0
Stealth        | |  4.1

Action                     |  1- 3 |  4- 6 |  7- 9 | 10-12 | 13-15 | 16-18 | 19-21 | 22-24 | 25-27 || total
---------------------------+-------+-------+-------+-------+-------+-------+-------+-------+-------++-------
  Melee: Falchion          |    47 |    59 |   246 |       |       |       |       |       |       ||   352
         Dagger            |    17 |       |       |       |       |       |       |       |       ||    17
         Whip              |    27 |    62 |   252 |   969 |   988 |       |       |       |       ||  2298
         Staff             |       |     7 |       |       |       |       |       |       |       ||     7
         Scimitar          |       |       |       |   103 |   465 |       |       |       |       ||   568
         Double sword      |       |       |       |       |   574 |   187 |  1029 |  1436 |  1636 ||  4862
         Demon blade       |       |       |       |       |    73 |  1995 |  1026 |  1428 |  1585 ||  6107
  Throw: Dart              |       |       |     5 |    54 |    50 |    13 |       |     7 |       ||   129
   Cast: Apportation       |       |       |       |       |       |       |     2 |       |       ||     2
 Invoke: Heroism           |       |       |     1 |     9 |    16 |    18 |     8 |     9 |     3 ||    64
         Finesse           |       |       |       |     1 |     2 |       |       |     1 |     1 ||     5
         Receive Weapon    |       |       |       |       |     1 |       |       |       |       ||     1
         Receive Armour    |       |       |       |       |     1 |       |       |       |       ||     1
         Duel              |       |       |       |       |       |     1 |     2 |       |     2 ||     5
Ability: Invent Gizmo      |       |       |       |       |     1 |       |       |       |       ||     1
  Evoke: Wand              |       |    11 |     9 |    20 |    11 |    18 |     6 |    11 |    14 ||   100
         Lightning rod     |       |       |       |       |       |     4 |     7 |     5 |     8 ||    24
         Tin of tremorston |       |       |       |       |       |       |       |       |     2 ||     2
    Use: Scroll            |     6 |     1 |     2 |    10 |    15 |    15 |    13 |    13 |    14 ||    89
         Potion            |     5 |     1 |     1 |       |     5 |     5 |     2 |     1 |    13 ||    33
   Stab: Sleeping          |     4 |     3 |     4 |     3 |     4 |     9 |     8 |     7 |     4 ||    46
         Distracted        |       |       |       |     1 |     2 |     4 |     3 |     4 |     7 ||    21
         Petrifying        |       |       |       |       |     2 |       |       |       |       ||     2
         Petrified         |       |       |       |       |     3 |       |       |       |       ||     3
         Invisible         |       |       |       |       |       |     7 |       |       |       ||     7
         Fleeing           |       |       |       |       |       |     1 |       |       |       ||     1
 Armour: Ring mail         |    35 |    42 |   244 |   330 |   640 |   707 |   654 |   471 |       ||  3123
         Leather armour    |     2 |       |       |       |       |       |       |       |       ||     2
         Acid dragon scale |       |       |       |       |       |       |       |   241 |   305 ||   546
         Skin              |       |       |       |       |       |       |       |   191 |   722 ||   913
  Dodge: Dodged            |    23 |    26 |   162 |   197 |   441 |   566 |   719 |  1234 |  1926 ||  5294
   Form: Statue            |       |       |       |       |       |       |       |     2 |     2 ||     4
                           |       |       |       |       |       |       |       |     1 |     4 ||     5
         Death             |       |       |       |       |       |       |       |       |     3 ||     3

Table legend: (Time is in decaauts)
 A = Elapsed time spent in this place.
 B = Non-inter-level travel time spent in this place.
 C = Inter-level travel time spent in this place.
 D = Time resting spent in this place.
 E = Time spent auto-exploring this place.
 F = Levels seen in this place.
 G = Mean time per level.
                   A        B        C        D        E       F      G
               +--------+--------+--------+--------+--------+-----+--------+
         Total |  86629 |  76785 |   9844 |   9181 |  46160 |  62 | 1397.2 |
       Dungeon |  20733 |  17128 |   3605 |    876 |  12134 |  15 | 1382.2 |
        Temple |    218 |    218 |      0 |      0 |    197 |   1 |  218.0 |
          Lair |  12260 |  10764 |   1496 |   1249 |   6868 |   5 | 2452.0 |
        Shoals |   4980 |   4644 |    336 |    723 |   1956 |   4 | 1245.0 |
     Snake Pit |   7215 |   6742 |    473 |   1109 |   3776 |   4 | 1803.8 |
    Slime Pits |   2271 |   2140 |    131 |    417 |    926 |   5 |  454.2 |
  Orcish Mines |   2386 |   1626 |    760 |    144 |    879 |   2 | 1193.0 |
   Elven Halls |   6987 |   6162 |    825 |   1995 |   2488 |   3 | 2329.0 |
        Vaults |   8963 |   7983 |    980 |    734 |   4770 |   5 | 1792.6 |
         Crypt |   4307 |   4036 |    271 |     29 |   2782 |   3 | 1435.7 |
        Depths |   6369 |   5923 |    446 |    898 |   3535 |   4 | 1592.2 |
           Zot |   9159 |   8643 |    516 |    950 |   5426 |   5 | 1831.8 |
        Wizlab |    650 |    650 |      0 |     31 |    419 |   1 |  650.0 |
         Arena |    122 |    122 |      0 |     22 |      0 |   5 |   24.4 |
               +--------+--------+--------+--------+--------+-----+--------+

Top non-repeatable levels by time:
  Lair:3: 3685 daAuts
 Snake:2: 2586 daAuts
  Lair:5: 2529 daAuts
   Elf:3: 2433 daAuts
   Elf:1: 2337 daAuts
Vaults:5: 2330 daAuts
  Lair:4: 2254 daAuts
   Elf:2: 2217 daAuts
     D:9: 2187 daAuts
 Crypt:3: 2125 daAuts
   Zot:4: 2087 daAuts
  Lair:2: 2060 daAuts
    D:10: 2039 daAuts
 Snake:4: 2014 daAuts
   Zot:2: 2010 daAuts
